AoeStats
← Alan

Arabia

510505414Analyzed
1v1 RM · 22h ago on Oct 1, 2026· 35m 14s· 2 players
Game mode
Random Map
Map size
Tiny (2 player)
Population
200
Speed
Normal
Resources
Standard
Victory
Conquest
Starting age
Dark Age
Ending age
Imperial Age
RankedLock teamsTeams togetherTeam positionsShared explorationLock speedFull tech treeHidden civsTurbo modeCheats
Victory
Defeat
🇬🇧 Japanese · United Kingdom
1126
+17
🇳🇱 Magyars · Netherlands
1138
-17
Alan
10:14 Feudal Age
10:41 Man-at-Arms
12:04 Arson
14:05 Double-Bit Axe
17:12 Loom
17:35 Scale Mail Armor
18:46 Forging
18:40 Horse Collar
21:08 Arson
22:25 Fletching
25:12 Padded Archer Armor
29:21 Castle Age
30:27 Pikeman
31:08 Squires
33:45 Long Swordsman
33:58 Long Swordsman
34:24 Gambesons
34:56 Chain Mail Armor
Luuk
6:41 Loom
9:33 Feudal Age
10:19 Double-Bit Axe
27:23 Castle Age
34:14 Bloodlines
34:54 Wheelbarrow
Connection lost

Rejoining the realm…

Still unreachable

The connection could not be restored.

Session expired

The server has moved on; the page needs a fresh start.